 Dungeon Crawl Stone Soup version 0.20-a0-785-g17250f0 (webtiles) character file.

173 Alarkh the Slasher (level 5, 35/43 HPs)
             Began as a Demonspawn Monk on Feb 27, 2017.
             Was a Believer of Okawaru.
             Quit the game on level 3 of the Dungeon.
             The game lasted 00:02:33 (2530 turns).

Alarkh the Slasher (Demonspawn Monk)                Turns: 2530, Time: 00:02:34

Health: 35/43      AC:  4    Str: 12    XL:     5   Next: 28%
Magic:  5/5        EV: 13    Int: 12    God:    Okawaru [**....]
Gold:   155        SH:  0    Dex: 15    Spells: 4/4 levels left

rFire    . . .     SeeInvis +   a - +0 falchion
rCold    + . .     Gourm    +   q - +0 leather armour (curse)
rNeg     . . .     Faith    .   (no shield)
rPois    .         Spirit   .   (helmet restricted)
rElec    .         Reflect  .   (no cloak)
rCorr    .         Harm     .   (no gloves)
MR       .....                  (no boots)
Stlth    ++........             i - amulet of the gourmand
Regen    0.2/turn               n - ring of protection from cold
MPRegen  0.1/turn               d - ring of see invisible

@: no status effects
A: antennae 1, rugged brown scales 1, spiny 1
a: Heroism, Renounce Religion


You were on level 3 of the Dungeon.
You worshipped Okawaru.
Okawaru was pleased with you.
You were completely stuffed.

You visited 1 branch of the dungeon, and saw 3 of its levels.

You collected 155 gold pieces.

Inventory:

Hand Weapons
 a - a +0 falchion (weapon)
Armour
 b - a +0 robe
 q - a cursed +0 leather armour (worn)
Jewellery
 d - a ring of see invisible (left hand)
 i - an amulet of the gourmand (around neck)
 n - a ring of protection from cold (right hand)
Scrolls
 e - a scroll of identify
 h - 2 scrolls of remove curse {unknown}
 o - a scroll of teleportation
Potions
 f - a potion of magic
 g - 2 potions of brilliance {unknown}
 l - a potion of might {unknown}
 m - a potion of curing {unknown}
 p - 2 potions of heal wounds {unknown}
Comestibles
 c - 4 bread rations
 j - a meat ration
 k - 4 royal jellies
 r - 4 fruits
 s - 2 chunks of flesh


   Skills:
 + Level 3.7 Fighting
 * Level 4.4 Long Blades
 + Level 3.6 Dodging
 - Level 1.7 Stealth


You had 4 spell levels left.
You didn't know any spells.

Dungeon Overview and Level Annotations

Branches:
Dungeon (3/15)

Altars:
Elyvilon
Okawaru


Innate Abilities, Weirdness & Mutations

You have a pair of small antennae on your head.
You are partially covered in rugged brown scales. (AC +1, +3% HP)
You are partially covered in sharp spines.


Message History

You see here a quokka skeleton. x2
You see here a quokka skeleton.
A hobgoblin comes into view. It is wielding a club.
A hobgoblin is nearby!
The hobgoblin shouts!
You hit the hobgoblin but do no damage. The hobgoblin is struck by your spines.
The hobgoblin closely misses you.
You hit the hobgoblin.
You kill the hobgoblin!
Okawaru accepts your kill.
No target in view!
No target in view!
No target in view!
No target in view!
No target in view!
No target in view!
No target in view!
No target in view!
No target in view!
Are you sure you want to abandon this character and quit the game? (Confirm with "yes".)

#### .... #.# ....
#.# ### #.# ###.#
..#.# #.#.# #.#)#
#.#@#
#########.#.#
######...........#
.................#
.................#
.................#
##############+#.#
........# #.#
........# #.#


There were no monsters in sight!

Vanquished Creatures
  An ogre (D:3)
  2 adders
  2 worms
  A dart slug (D:1)
  3 leopard geckos
  4 giant cockroaches
  5 goblins
  7 hobgoblins
  2 jackals (D:2)
  9 kobolds
  A quokka (D:3)
  A ball python (D:2)
  9 bats
  7 frilled lizards
  7 rats
61 creatures vanquished.

Notes
Turn   | Place    | Note
-------+----------+-------------------------------------------
     0 | D:1      | Alarkh the Demonspawn Monk began the quest for the Orb.
     0 | D:1      | Reached XP level 1. HP: 18/18 MP: 1/1
   378 | D:1      | Gained mutation: You are partially covered in rugged brown scales. (AC +1, +3% HP) [demonic ancestry]
   378 | D:1      | Reached XP level 2. HP: 16/24 MP: 2/2
   391 | D:1      | Reached skill level 3 in Long Blades
  1196 | D:2      | Gained mutation: You have a pair of small antennae on your head. [demonic ancestry]
  1196 | D:2      | Reached XP level 3. HP: 29/29 MP: 3/3
  1688 | D:2      | Found an iron altar of Okawaru.
  1696 | D:2      | Became a worshipper of Warmaster Okawaru
  1696 | D:2      | Reached * piety under Okawaru
  1696 | D:2      | Reached ** piety under Okawaru
  1949 | D:2      | Found a white marble altar of Elyvilon.
  2192 | D:3      | Reached XP level 4. HP: 22/36 MP: 4/4
  2279 | D:3      | Noticed an ogre
  2291 | D:3      | Killed an ogre
  2291 | D:3      | Reached skill level 4 in Long Blades
  2291 | D:3      | Gained mutation: You are partially covered in sharp spines. [demonic ancestry]
  2291 | D:3      | Reached XP level 5. HP: 24/43 MP: 5/5
  2530 | D:3      | Quit the game

Vault maps used:
D:1:      matt_arrival_spirals, minmay_misc_feat_hallway
D:2:      okawaru_metal_pillars_3, lemuel_coloured_pillars_altar, first_bread

Skill      XL: |  1  2  3  4 |
---------------+-------------+-----
Long Blades    | 3 4 |  4.4
Dodging        | 3 |  3.6
Fighting       | |  3.7
Stealth        | |  1.7

Action                   |  1- 3 |  4- 6 || total
-------------------------+-------+-------++-------
Melee: Falchion          |   147 |    33 ||   180
  Use: Scroll            |     2 |       ||     2
 Stab: Sleeping          |     7 |       ||     7
  Eat: Chunk             |     6 |    10 ||    16
Armor: Robe              |    15 |       ||    15
       Leather armour    |    15 |     3 ||    18
Dodge: Dodged            |    93 |    20 ||   113
       Rpst.: Falchion   |    24 |     6 ||    30
